AoeStats
← Iamak3186

Arabia

504705728Analyzed
1v1 RM · 27d ago on Sep 6, 2026· 45m 13s· 2 players
Game mode
Random Map
Map size
Tiny (2 player)
Population
200
Speed
Normal
Resources
Standard
Victory
Conquest
Starting age
Dark Age
Ending age
Imperial Age
RankedLock teamsTeams togetherTeam positionsShared explorationLock speedFull tech treeHidden civsTurbo modeCheats
Victory
Defeat
🇨🇳 Spanish · China
1189
+17
🇮🇳 Mongols · India
1200
-17
紅蘋果
7:19 Loom
9:25 Feudal Age
11:55 Double-Bit Axe
13:30 Horse Collar
15:25 Gold Mining
20:20 Castle Age
20:05 Wheelbarrow
20:05 Stone Mining
22:06 Bloodlines
25:01 Padded Archer Armor
27:17 Leather Archer Armor
31:49 Husbandry
34:40 Hand Cart
34:37 Heavy Plow
35:03 Scale Barding Armor
36:46 Chain Barding Armor
39:34 Imperial Age
37:53 Forging
39:17 Iron Casting
39:53 Cavalier
41:10 Plate Barding Armor
41:37 Blast Furnace
41:45 Ring Archer Armor
Iamak3186
7:56 Feudal Age
8:14 Loom
9:04 Double-Bit Axe
16:42 Horse Collar
19:46 Castle Age
18:06 Gold Mining
18:41 Fletching
19:05 Bloodlines
19:23 Fletching
20:42 Wheelbarrow
20:48 Bodkin Arrow
21:26 Bow Saw
23:30 Husbandry
26:02 Ballistics
26:10 Padded Archer Armor
28:52 Leather Archer Armor
28:58 Town Watch
30:54 Hand Cart
30:09 Elite Skirmisher
30:59 Heavy Plow
34:41 Thumb Ring
38:18 Imperial Age
39:07 Bracer
39:17 Scale Barding Armor
39:22 Forging
38:55 Light Cavalry
41:13 Chain Barding Armor
41:19 Conscription
40:53 Heavy Camel Rider
Connection lost

Rejoining the realm…

Still unreachable

The connection could not be restored.

Session expired

The server has moved on; the page needs a fresh start.